 Dungeon Crawl Stone Soup version 0.28.0-45-g0d030f2227 (webtiles) character file.

Game seed: 7597967609319082136

163 L33tCrusader the Chopper (level 5, -2/75 HPs)
             Began as a Naga Berserker on Apr 9, 2022.
             Was a Believer of Trog.
             Slain by a water moccasin zombie (6 damage)
             ... on level 3 of the Dungeon.
             The game lasted 00:07:07 (2727 turns).

L33tCrusader the Chopper (Naga Berserker)           Turns: 2727, Time: 00:07:08

Health: -2/75      AC:  6    Str: 22    XL:     5   Next: 44%
Magic:  5/5        EV:  6    Int:  7    God:    Trog [**....]
Gold:   70         SH:  3    Dex: 10    Spells: 4/4 levels left

rFire   . . .      SeeInvis +   a - +0 hand axe
rCold   . . .      Faith    .   h - +0 buckler
rNeg    . . .      Spirit   .   g - +0 chain mail
rPois   +          Reflect  .   (no helmet)
rElec   .          Harm     .   (no cloak)
rCorr   .          Rampage  .   (no gloves)
Will    .....                   (no barding)
Stlth   ..........              (no amulet)
HPRegen 0.22/turn               (no ring)
MPRegen 0.09/turn               (no ring)

@: berserking, quick
A: AC +1, large, see invisible, deformed body, poison resistance, slowness 2,
spit poison 1, naga tail 1
a: Spit Poison, Renounce Religion, Berserk, Trog's Hand


You were on level 3 of the Dungeon.
You worshipped Trog.
Trog was pleased with you.
You visited 1 branch of the dungeon, and saw 3 of its levels.

You collected 70 gold pieces.

Inventory:

Hand Weapons
 a - a +0 hand axe (weapon)
Armour
 b - a +0 animal skin
 g - a +0 chain mail (worn)
 h - a +0 buckler (worn)
Wands
 i - a wand of iceblast (4)
 k - a wand of acid (9)
Scrolls
 e - 5 scrolls of fear
 f - a scroll of identify
 j - a scroll of noise {unknown}
Potions
 c - 2 potions of curing {unknown}
 d - a potion of heal wounds


   Skills:
 + Level 3.8 Fighting
 + Level 3.9 Axes
 + Level 2.6 Armour
 + Level 2.6 Dodging


You had 4 spell levels left.
You didn't know any spells.
Your spell library was empty.

Dungeon Overview and Level Annotations

Branches:
Dungeon (3/15)

Altars:

Shops:
D:3 !

Annotations:
D:3 Sigmund


Innate Abilities, Weirdness & Mutations

Your serpentine skin is tough. (AC +1)
You have supernaturally acute eyesight. (SInv)
Armour fits poorly on your strangely shaped body.
Your system is resistant to poisons. (rPois)
You cover ground very slowly.
You can spit poison.
You have a snake-like lower body.


Message History

The water moccasin zombie is moderately damaged.
Sigmund hits you from afar with a +0 scythe!
* * * LOW HITPOINT WARNING * * *
The water moccasin zombie bites you.
* * * LOW HITPOINT WARNING * * *
You hit the water moccasin zombie.
The water moccasin zombie is moderately damaged.
Jessica shouts, "You're disturbing me!
I'll have to kill you!"
Sigmund hits you from afar with a +0 scythe.
* * * LOW HITPOINT WARNING * * *
A red film seems to cover your vision as you go berserk!
You feel yourself moving faster!
You feel mighty! Sigmund hits you but does no damage.
You barely miss Jessica. You block Jessica's attack.
You hit Jessica.
Jessica is moderately wounded.
Jessica hits you with a +0 club.
* * * LOW HITPOINT WARNING * * *
Sigmund breathes a few words.
Sigmund's hands start flickering wildly.
Sigmund barely misses you.
You hit Jessica.
Jessica is almost dead.
Jessica hits you but does no damage.
You closely miss Jessica.
Jessica is almost dead.
Sigmund barely misses you.
You slash Jessica!
You kill Jessica!
Trog accepts your kill.
Trog appreciates your killing of a magic user.
You barely miss the water moccasin zombie.
The water moccasin zombie is moderately damaged.
The water moccasin zombie bites you.
* * * LOW HITPOINT WARNING * * *
Sigmund closely misses you.
You slash the water moccasin zombie!
The water moccasin zombie is heavily damaged.
The water moccasin zombie bites you.
You die...

###### ### .#### .....
......... ##. ### #...
..... ... ......... #..
...<..... #.....##.##..
#....#.## #.#.#.......#
#....... #.#.#.#..#..#
#....#.######.#.#.##.##..
#......Z@...#.#.#.##..#..
#.....@####.#.#.#.##..#.#
#....... #........#.....
.....#.##.
#......#.#.#... ####...
........#......... #.@.
.....#######......
.........<# #......
##..#......# #######
#.#.#..#


You could see Sigmund (invisible) and a water moccasin zombie.

Vanquished Creatures
  2 orc priests (D:3)
  Jessica (D:3)
  2 adders
  A dart slug (D:1)
  3 orcs (D:3)
  4 ball pythons
  9 bats
  2 endoplasms (D:2)
  3 giant cockroaches
  4 hobgoblins
  2 jackals (D:3)
  4 quokkas
  A frilled lizard (D:2)
  5 goblins
  6 kobolds
  5 rats
54 creatures vanquished.

Notes
Turn   | Place    | Note
-------+----------+-------------------------------------------
     0 | D:1      | L33tCrusader the Naga Berserker began the quest for the
                  | Orb.
     0 | D:1      | Reached XP level 1. HP: 21/21 MP: 1/1
   378 | D:1      | Reached XP level 2. HP: 21/28 MP: 2/2
  1363 | D:2      | Reached XP level 3. HP: 34/34 MP: 3/3
  2284 | D:3      | HP: 1/51 [orc priest/+1 mace of protection (8)]
  2287 | D:3      | Reached XP level 4. HP: 1/42 MP: 4/4
  2400 | D:3      | Reached ** piety under Trog
  2494 | D:3      | Found Olyrashi's Distillery.
  2506 | D:3      | Reached XP level 5. HP: 50/50 MP: 5/5
  2539 | D:3      | Found a faded altar of an unknown god.
  2699 | D:3      | Noticed Jessica
  2699 | D:3      | Noticed Sigmund
  2725 | D:3      | Killed Jessica
  2727 | D:3      | Slain by a water moccasin zombie

Illustrated notes

Levels and vault maps discovered:
D:1:      lemuel_arrival_room, layout_loops_ring
D:2:      minmay_diamond_boxcup, layout_loops_corners
D:3:      layout_loops_cross, serial_shops, nicolae_diamond_shop,
          hellmonk_ecumenical_altar_blasted,
          wander_ebering_terrifying_dragon_lair, uniq_natasha, uniq_jessica,
          uniq_sigmund

Skill      XL: |  1  2  3 |
---------------+----------+-----
Armour         | 2 |  2.6
Dodging        | 2 |  2.6
Fighting       | |  3.8
Axes           | |  3.9

Action                   |  1- 3 |  4- 6 || total
-------------------------+-------+-------++-------
Melee: Hand axe          |   115 |    59 ||   174
       Punch             |     1 |       ||     1
Invok: Berserk           |     1 |     1 ||     2
  Use: Scroll            |     2 |       ||     2
       Potion            |     1 |     1 ||     2
Armor: Animal skin       |    17 |       ||    17
       Chain mail        |    32 |    42 ||    74
Dodge: Dodged            |    52 |    24 ||    76
Block: Buckler           |     6 |     8 ||    14
